 Dungeon Crawl Stone Soup version 0.29-a0-886-gfb1a3fa8b1 (webtiles) character file.

Game seed: 10472053080538676251

67948 RepoMan the Slicer (level 14, -3/50 HPs)
             Began as a Deep Elf Arcane Marksman on July 21, 2022.
             Was the Champion of Hepliaklqana.
             Slain by a profane servitor
             ... wielding a +2 whip
              (8 damage)
             ... on level 5 of the Abyss.
             The game lasted 03:35:27 (25686 turns).

RepoMan the Slicer (Deep Elf Arcane Marksman)      Turns: 25686, Time: 03:35:29

Health: -3/50      AC: 16    Str:  7    XL:     14   Next: 84%
Magic:  20/20      EV: 17    Int: 23    God:    Hepliaklqana [******]
Gold:   1171       SH: 11    Dex: 21    Spells: 4/30 levels left

rFire   + . .      SeeInvis +   d - +2 rapier (drain)
rCold   + . .      Faith    .   u - +0 buckler {AC+3}
rNeg    . . .      Spirit   .   I - +0 acid dragon scales
rPois   .          Reflect  +   l - +1 helmet
rElec   +          Harm     .   Z - +1 cloak {rF+}
rCorr   +          Rampage  .   s - +0 pair of gloves of Nemelex Xobeh {rElec rC+ Dex+2}
Will    +....                   q - +1 pair of boots of Toarig {rElec Str+4 Int+5}
Stlth   +++++.....              E - amulet of reflection
HPRegen 0.00/turn               A - ring of see invisible
MPRegen 0.17/turn               h - +6 ring of dexterity

@: sick, inhibited regen, hasted, wreathed by umbra, unable to read, very quick
A: reduced essence, [clumsy 2], [dopey 2], [frail 3], [low MP 3], [screaming 2],
[inhibited regeneration], [weak 2], [no potion heal 2], [subdued magic 2],
[inability to read while threatened 2]
a: Renounce Religion, Recall Ancestor, Ancestor Identity, Transference, Idealise


You were on level 5 of the Abyss.
You worshipped Hepliaklqana.
Hepliaklqana was exalted by your worship.
You visited 4 branches of the dungeon, and saw 22 of its levels.
You visited the Abyss 1 time.
You also visited: Gauntlet and Volcano.

You collected 1853 gold pieces.
You spent 682 gold pieces at shops.

Inventory:

Hand Weapons
 d - a +2 rapier of draining (weapon)
 e - a +2 short sword of electrocution
 v - a +2 vampiric dagger
 y - a +4 vorpal sling
Missiles
 M - a curare-tipped dart
 N - 3 throwing nets
 S - 6 silver javelins
Armour
 i - an orb of guile
 l - a +1 helmet (worn)
 q - the +1 pair of boots of Toarig (worn) {rElec Str+4 Int+5}
   (You found it in a Gauntlet)

   Str:       It affects your strength (+4).
   Int:       It affects your intelligence (+5).
   rElec:     It insulates you from electricity.
 s - the +0 pair of gloves of Nemelex Xobeh (worn) {rElec rC+ Dex+2}
   (You bought it in a shop on level 2 of the Orcish Mines)

   Dex:       It affects your dexterity (+2).
   rC:        It protects you from cold.
   rElec:     It insulates you from electricity.
 u - a +0 buckler of protection (worn)
 G - a +2 robe of cold resistance
 H - a +2 ring mail of fire resistance
 I - +0 acid dragon scales (worn)
 Z - a +1 cloak of fire resistance (worn)
Jewellery
 h - a +6 ring of dexterity (right hand)
 A - a ring of see invisible (left hand)
 B - a +4 ring of protection
 E - an amulet of reflection (around neck)
 J - a ring of protection from fire
 T - a ring of positive energy
Wands
 V - a wand of flame (1)
Scrolls
 c - 2 scrolls of enchant weapon
 f - 3 scrolls of butterflies
 k - 4 scrolls of enchant armour
 m - a scroll of poison
 p - a scroll of identify
 r - 3 scrolls of amnesia
 z - a scroll of torment
 P - 2 scrolls of brand weapon
 Q - a scroll of silence
Potions
 a - 5 potions of curing
 b - 5 potions of brilliance
 g - 2 potions of magic
 n - 3 potions of heal wounds
 t - 5 potions of attraction
 w - 2 potions of lignification
 x - 5 potions of mutation
 C - 3 potions of cancellation
 F - a potion of might
 L - 2 potions of resistance
 O - 3 potions of flight
 W - a potion of haste
Miscellaneous
 j - a condenser vane
 U - a lightning rod (inert)


   Skills:
 + Level 8.7 Fighting
 + Level 14.0 Short Blades
 - Level 2.6 Ranged Weapons
 + Level 10.4 Dodging
 - Level 13.0 Stealth
 - Level 6.6 Shields
 + Level 8.8 Spellcasting
 - Level 13.0 Hexes
 * Level 8.8 Necromancy
 - Level 2.0 Fire Magic


You had 4 spell levels left.
You knew the following spells:

 Your Spells              Type           Power      Damage    Failure   Level
a - Anguish               Hex/Necr       18%        N/A       1%          4
f - Cause Fear            Hex            21%        N/A       1%          4
i - Inner Flame           Hex/Fire       27%        N/A       1%          3
p - Portal Projectile     Hex/Tloc       50%        N/A       1%          3
u - Dispel Undead         Necr           31%        3d14      2%          4
v - Vampiric Draining     Necr           31%        2d8       1%          3
w - Slow                  Hex            100%       N/A       0%          1
z - Ensorcelled Hibernat  Hex/Ice        50%        N/A       1%          2
V - Poisonous Vapours     Pois/Air       12%        N/A       17%         2

Your spell library contained the following spells:

 Spells                   Type           Power      Damage    Failure   Level
 Necrotise                Necr           100%       1d9       1%          1
 Animate Dead             Necr           31%        N/A       2%          4
 Scorch                   Fire           24%        2d6       7%          2
 Sandblast                Erth           12%        2d6       11%         1
 Shock                    Conj/Air       24%        1d4       11%         1
 Passwall                 Tmut/Erth      5%         N/A       17%         2
 Spider Form              Tmut/Pois      6%         N/A       34%         3
 Stone Arrow              Conj/Erth      12%        3d7       34%         3
 Swiftness                Air            6%         N/A       34%         3
 Corpse Rot               Necr/Pois/Air  14%        N/A       34%         4
 Flame Wave               Conj/Fire      9%         2d5       63%         4
 Airstrike                Air            3%         0-2+      77%         4
 Animate Armour           Summ/Erth      12%        N/A       77%         4
 Passage of Golubria      Tloc           6%         N/A       77%         4
 Summon Lightning Spire   Summ/Air       6%         N/A       77%         4
 Agony                    Necr           31%        N/A       8%          5
 Silence                  Hex/Air        12%        N/A       22%         5
 Death Channel            Necr           15%        N/A       45%         6
 Borgnjor's Vile Clutch   Necr/Erth      9%         N/A       47%         5
 Alistair's Intoxication  Tmut/Pois      4%         N/A       98%         5
 Blade Hands              Tmut           3%         N/A       98%         5
 Eringya's Noxious Bog    Tmut/Pois      3%         N/A       100%        6
 Iron Shot                Conj/Erth      3%         9d2       100%        6
 Summon Cactus Giant      Summ           3%         N/A       100%        6
 Haunt                    Necr/Summ      9%         N/A       100%        7
 Storm Form               Tmut/Air       3%         N/A       100%        7
 Infestation              Necr           15%        N/A       100%        8
 Lehudib's Crystal Spear  Conj/Erth      3%         10d2      100%        8
 Maxwell's Capacitive Co  Air            3%         ∞         100%        8


Dungeon Overview and Level Annotations

Branches:
Dungeon (14/15)            Temple (1/1) D:7            Lair (5/5) D:9
  Swamp (0/4) Lair:3       Spider (0/4) Lair:2        Slime (0/5) Lair:5
    Orc (2/2) D:12            Elf (0/3) Orc:2        Vaults (0/5) D:13
Volcano (visited)         Gauntlet (visited)

Altars:
Ashenzari
Cheibriados
Dithmenos
Elyvilon
Fedhas
Gozag
Hepliaklqana
Kikubaaqudgha
Makhleb
Nemelex Xobeh
Okawaru
Qazlal
Ru
Sif Muna
Trog
Uskayaw
Vehumet
Wu Jian
Xom
Yredelemnul
Zin
The Shining One

Shops:
D:5 =   D:7 *   Orc:1 (   Orc:2 *(=[

Annotations:
D:2 Robin, Sigmund
D:6 exclusion: Pikel
D:11 2 transporters, Locuples's ghost, journeyman MiFi
Lair:3 Gastronok
Lair:5 3 runed translucent doors, Nessos; Zuruic's ghost, journeyman OgIE


Innate Abilities, Weirdness & Mutations

Your life essence is reduced to manifest your ancestor. (-10% HP)
[You are very clumsy. (Dex -4)]
[You are very dopey. (Int -4)]
[You are extremely frail. (-30% HP)]
[Your magical capacity is extremely low. (-30% MP)]
[You frequently scream uncontrollably at your foes.]
[You do not regenerate when monsters are visible.]
[You are very weak. (Str -4)]
[Potions cannot restore your health.]
[Your spells are easier to cast, but less powerful.]
[You sometimes lose the ability to read scrolls when taking damage.]


Message History

You hear a roar.
You hear a horrible gurgling sound!
You hear a shout!
You hear a hideous shriek!
You feel yourself growing ill in the presence of the ancient zyme.
You hear a shout! x2
A large abomination comes into view.
You hear an angry buzzing noise.
You hear a shout!
You hear an angry growl.
You hear a shout!
The abyss shimmers again as the detected abyssal rune vanishes from your memory and reappears.
A starcursed mass comes into view.
You scream at the large abomination!
A large abomination and a wretched star come into view.
You scream at the large abomination!
You hear a roar!
You hear a chilling moan.
You hear a shout!
You hear a chilling moan.
The wretched star pulses with an eldritch light!
Your regeneration stops near monsters.
A profane servitor comes into view. It is wielding a +2 whip.
The wretched star pulses with an eldritch light!
You feel stupid. x2
You feel ill.
A purple draconian shifter comes into view.
It is wielding a +0 rapier.
The profane servitor hits you with a +2 whip!
You feel threatened and lose the ability to read scrolls!
The profane servitor draws strength from your injuries!
The profane servitor hits you but does no damage.
Unknown command.
You cannot read scrolls in your current state!
Okay, then.
Unknown command.
Unknown command.
You feel yourself speed up.
You can read scrolls again.
The profane servitor hits you with a +2 whip!
You feel threatened and lose the ability to read scrolls!
* * * LOW HITPOINT WARNING * * *
The profane servitor draws strength from your injuries!
The profane servitor hits you with a +2 whip!
You die...

....................
.. ...................
... .##..##..##..##..#
..# #..
#..##..##..##..## X..
................ . X.§
.....*.x...........
.##..##..##..##..##..#
.. #..##..##AX##..## .
##......@....... ..
##......##.....
#......# .....
......... ....
#........ . .
#......... ...
.......... ##.###.####


You could see a profane servitor and a large abomination.

Vanquished Creatures
  Frances (D:13)
  A tentacled starspawn (Abyss:2)
  An orc warlord (Orc:2)
  An ironbound preserver (D:13)
  A wizard (Abyss:3)
  A minotaur (Gauntlet)
  Snorg (Lair:3)
  3 hydras
  Harold (D:9)
  2 boulder beetles
  A centaur warrior (D:13)
  A merfolk avatar (Abyss:3)
  3 two-headed ogres
  A hell hog (Volcano)
  A tengu warrior (D:13)
  A thrashing horror (Abyss:3)
  An orc high priest (Orc:2)
  A swamp dragon (Lair:3)
  3 ugly things
  3 orc knights (Orc:2)
  3 cyclopes
  An orc sorcerer (Orc:2)
  2 manticores
  4 elephants
  An ice statue (Gauntlet)
  A black mamba (Lair:5)
  2 molten gargoyles (Volcano)
  An unseen horror (shapeshifter) (D:13)
  6 cane toads
  A tengu conjurer (D:13)
  A kobold demonologist (D:10)
  An unseen horror (D:12)
  8 rime drakes
  A komodo dragon (shapeshifter) (D:13)
  8 komodo dragons
  3 trolls
  2 polar bears (Lair:2)
  7 blink frogs
  9 slime creatures
  A jumping spider (Lair:2)
  3 dream sheep (Lair:4)
  13 flying skulls (Gauntlet)
  3 wraiths
  4 wyverns
  17 yaks
  2 large abominations (Abyss:2)
  A basilisk (Lair:5)
  4 fire bats (Volcano)
  3 steam dragons
  A chaos spawn (Abyss:2)
  3 vampire mosquitoes
  3 wargs
  An acid dragon (D:12)
  A hell hound (Volcano)
  11 water moccasins
  12 orc warriors
  6 black bears
  2 ice beasts
  3 sky beasts
  6 ogres
  16 wolves
  2 phantoms (D:5)
  7 centaurs
  A lemure (D:6)
  Blork the orc (D:4)
  2 kobold brigands (D:9)
  A gnoll sergeant (D:7)
  3 necrophages
  13 bullfrogs
  3 scorpions
  2 hexers (Orc:2)
  7 wights
  6 killer bees (D:9)
  6 electric eels
  2 howler monkeys (D:10)
  3 lava snakes (Volcano)
  2 hounds (D:5)
  A jelly (Lair:5)
  A gnoll bouda (D:5)
  9 orc priests
  3 iguanas
  17 orc wizards
  6 gnolls
  7 adders
  A river rat (Lair:1)
  2 shadow imps (D:7)
  2 white imps (D:7)
  2 ufetubi (D:5)
  A worm (D:3)
  5 dart slugs
  40 orcs
  4 endoplasms
  2 giant cockroaches (D:3)
  6 goblins
  4 hobgoblins
  2 jackals (D:3)
  10 kobolds
  3 quokkas
  6 ball pythons
  7 bats
  4 frilled lizards
  9 rats
  A starspawn tentacle (Abyss:2)
423 creatures vanquished.

Vanquished Creatures (collateral kills)
  Erolcha (Orc:1)
  A boulder beetle (D:12)
  A centaur warrior (D:13)
  A two-headed ogre (D:10)
  A fire crab (Volcano)
  An orc knight (Orc:2)
  3 orc sorcerers
  A cyclops (D:12)
  3 elephants
  A torpor snail (Lair:4)
  A gargoyle (D:12)
  A rime drake (shapeshifter) (D:13)
  2 komodo dragons
  A polar bear (Lair:1)
  A troll (D:13)
  A slime creature (D:12)
  3 blink frogs (Abyss:3)
  4 dream sheep (Lair:4)
  2 flying skulls (Gauntlet)
  A small abomination (Abyss:3)
  A basilisk (D:13)
  7 yaks
  A steam dragon (D:9)
  A vampire mosquito (D:12)
  A warg (Orc:2)
  5 water moccasins
  9 orc warriors
  2 ogres
  3 wolves
  A black bear (Lair:1)
  A centaur (D:11)
  A bullfrog (Lair:2)
  2 quasits
  3 orc priests (Orc:2)
  A jelly (Gauntlet)
  2 orc wizards (Orc:1)
  14 orcs
  4 kobolds (D:9)
90 creatures vanquished.

Vanquished Creatures (others)
  An eldritch tentacle (Abyss:3)
  A manticore (D:13)
  An orc sorcerer (Orc:2)
  An elephant (Lair:5)
  2 gargoyles
  A rime drake (Gauntlet)
  A dream sheep (Lair:4)
  A flying skull (Gauntlet)
  A wraith (D:13)
  2 yaks
  A water moccasin (Lair:4)
  3 orc warriors (Orc:2)
  A lemure (D:6)
  A wight (D:6)
  A howler monkey (D:13)
  14 hexers
  A lava snake (Volcano)
  An orc priest (Orc:2)
  9 ancestors
  2 orc wizards
  3 orcs
  A bush (Lair:4)
  12 fungi
  75 plants
  5 starspawn tentacles (Abyss:2)
142 creatures vanquished.

Grand Total: 655 creatures vanquished

Notes
Turn   | Place    | Note
-------+----------+-------------------------------------------
     0 | D:1      | RepoMan the Deep Elf Arcane Marksman began the quest for
                  | the Orb.
     0 | D:1      | Reached XP level 1. HP: 11/11 MP: 5/5
   120 | D:1      | Reached skill level 1 in Fighting
   217 | D:1      | Reached XP level 2. HP: 16/16 MP: 7/7
   276 | D:1      | Found a faded altar of an unknown god.
   565 | D:1      | Reached XP level 3. HP: 20/20 MP: 8/8
   951 | D:3      | Reached skill level 5 in Hexes
   952 | D:3      | Reached skill level 1 in Short Blades
  1072 | D:3      | Reached XP level 4. HP: 25/25 MP: 9/9
  1669 | D:2      | Noticed Sigmund
  1685 | D:2      | Noticed Robin
  2247 | D:4      | Noticed a black bear
  2461 | D:4      | Killed a black bear
  2462 | D:4      | Reached skill level 2 in Short Blades
  2462 | D:4      | Reached skill level 1 in Shields
  2462 | D:4      | Reached XP level 5. HP: 23/30 MP: 9/11
  2698 | D:4      | Reached XP level 6. HP: 32/35 MP: 10/12
  2809 | D:4      | Found an iron altar of Okawaru.
  2829 | D:4      | Noticed Blork the orc
  2846 | D:4      | Reached skill level 3 in Short Blades
  3014 | D:4      | Killed Blork the orc
  3015 | D:4      | Reached XP level 7. HP: 11/40 MP: 11/13
  3407 | D:4      | Found a white marble altar of Elyvilon.
  3459 | D:5      | Entered Level 5 of the Dungeon
  3564 | D:5      | Learned a level 4 spell: Cause Fear
  3769 | D:5      | Reached skill level 4 in Short Blades
  4221 | D:5      | Learned a level 3 spell: Inner Flame
  4225 | D:5      | Learned a level 3 spell: Portal Projectile
  4331 | D:5      | Reached XP level 8. HP: 24/46 MP: 11/14
  4959 | D:5      | Found Aloruth's Jewellery Emporium.
  5346 | D:5      | Reached skill level 5 in Short Blades
  5723 | D:6      | Found Fatratui's Weapon Shoppe.
  5753 | D:6      | Learned a level 2 spell: Poisonous Vapours
  6201 | D:6      | Noticed Pikel
  6285 | D:6      | Found a radiant altar of Vehumet.
  6369 | D:6      | Found a hide-covered altar of Uskayaw.
  6372 | D:6      | Found a shimmering altar of Xom.
  6463 | D:6      | Reached skill level 5 in Dodging
  6922 | D:7      | Reached skill level 6 in Short Blades
  6937 | D:7      | Found Roos's Assorted Antiques.
  6946 | D:7      | Bought a scroll of identify for 56 gold pieces
  7185 | D:7      | Reached XP level 9. HP: 52/52 MP: 15/15
  7222 | D:7      | Found a staircase to the Ecumenical Temple.
  7238 | Temple   | Entered the Ecumenical Temple
  7670 | D:8      | Noticed Maurice
  7672 | D:8      | Noticed Maurice
  7672 | D:8      | Maurice changed into Maurice the centaur
  7677 | D:8      | Killed Maurice the centaur
  7678 | D:8      | Reached skill level 1 in Stealth
  8292 | D:8      | Reached skill level 7 in Short Blades
  8525 | D:8      | Found a hazy altar of Hepliaklqana.
  8532 | D:8      | Became a worshipper of Hepliaklqana the Forgotten
  9064 | D:5      | Bought an amulet of reflection for 300 gold pieces
  9483 | D:6      | Noticed Pikel
  9483 | D:6      | Pikel changed into Pikel the wolf
  9497 | D:6      | Killed Pikel the wolf
  9737 | D:6      | Identified the +5 ring mail of Terror {rF- Dex+4 SInv}
  9836 | D:6      | Reached XP level 10. HP: 53/58 MP: 12/16
 10345 | D:9      | You fall into a shaft and drop 3 floors!
 10369 | D:12     | Reached * piety under Hepliaklqana
 10475 | D:11     | Learned a level 2 spell: Ensorcelled Hibernation
 10522 | D:11     | Noticed a two-headed ogre
 10589 | D:11     | Found an opulent altar of Gozag.
 10589 | D:11     | Noticed a green ugly thing
 10597 | D:11     | Killed a green ugly thing
 10598 | D:11     | Reached skill level 5 in Stealth
 10598 | D:11     | Reached skill level 10 in Hexes
 10639 | D:10     | Entered Level 10 of the Dungeon
 10731 | D:9      | Reached skill level 1 in Fire Magic
 10953 | D:9      | Reached skill level 8 in Short Blades
 11288 | D:9      | Noticed Harold
 11297 | D:9      | Killed Harold
 11298 | D:9      | Reached skill level 5 in Fighting
 11298 | D:9      | Reached skill level 5 in Shields
 11342 | D:9      | Found a staircase to the Lair.
 11631 | D:10     | Noticed a two-headed ogre
 11672 | Lair:1   | Entered Level 1 of the Lair of Beasts
 11728 | Lair:1   | Reached ** piety under Hepliaklqana
 11894 | Lair:1   | Reached skill level 5 in Spellcasting
 11894 | Lair:1   | Reached XP level 11. HP: 56/56 MP: 20/20
 12112 | Lair:1   | Reached skill level 9 in Short Blades
 12846 | Lair:1   | Learned a level 4 spell: Anguish
 12896 | Lair:2   | Found a gate leading to a gauntlet.
 12921 | Gauntlet | Entered a Gauntlet
 12921 | Gauntlet | Found a transporter.
 12921 | Gauntlet | Found a transporter.
 12922 | Gauntlet | Found a runed translucent door.
 12924 | Gauntlet | Noticed a soul eater
 12937 | Gauntlet | Found a transporter.
 12947 | Gauntlet | Noticed a soul eater
 12950 | Gauntlet | Found a transporter.
 12950 | Gauntlet | Found a transporter.
 12954 | Gauntlet | Found a transporter.
 12955 | Gauntlet | Found a transporter.
 12955 | Gauntlet | Found a transporter.
 12959 | Gauntlet | Found a runed translucent door.
 12962 | Gauntlet | Noticed a blizzard demon
 12967 | Gauntlet | Found a transporter.
 12983 | Gauntlet | Found a transporter.
 12985 | Gauntlet | Found a runed translucent door.
 12993 | Gauntlet | Found a transporter.
 12995 | Gauntlet | Noticed a hell hog
 13007 | Gauntlet | Reached *** piety under Hepliaklqana
 13007 | Gauntlet | Found a transporter.
 13029 | Gauntlet | Found a transporter.
 13041 | Gauntlet | Found a transporter.
 13087 | Gauntlet | Identified the +1 pair of boots of Toarig {rElec Str+4
                  | Int+5}
 13561 | Gauntlet | Identified the +0 pair of gloves of Voes Och {rElec}
 13569 | Gauntlet | Reached skill level 10 in Short Blades
 13803 | Gauntlet | Noticed a minotaur
 13811 | Gauntlet | Killed a minotaur
 13812 | Gauntlet | Reached skill level 10 in Stealth
 14027 | Lair:2   | Reached XP level 12. HP: 57/62 MP: 21/23
 14204 | Lair:2   | Found a hole to the Spider Nest.
 15042 | Lair:3   | Noticed Snorg
 15055 | Lair:3   | Killed Snorg
 15077 | Lair:3   | Noticed a seven-headed hydra
 15354 | Lair:3   | Noticed Gastronok
 15674 | Lair:4   | Reached skill level 11 in Short Blades
 15750 | Lair:4   | Reached **** piety under Hepliaklqana
 15803 | Lair:4   | Found a dark tunnel.
 15808 | Volcano  | Entered a volcano
 16022 | Volcano  | Remembered your ancestor Xochitl as a hexer
 16123 | Volcano  | Found a radiant altar of Vehumet.
 16123 | Volcano  | Noticed a hell hog
 16137 | Volcano  | Killed a hell hog
 16706 | Lair:4   | Reached XP level 13. HP: 68/68 MP: 15/24
 16743 | Lair:4   | Identified the +1 chain mail "Udilel" {Str+5}
 17431 | Lair:5   | Entered Level 5 of the Lair of Beasts
 17541 | Lair:5   | Reached skill level 12 in Short Blades
 17566 | Lair:5   | Reached ***** piety under Hepliaklqana
 17715 | Lair:5   | Found a runed translucent gate.
 17715 | Lair:5   | Found a runed translucent gate.
 17715 | Lair:5   | Found a runed translucent gate.
 17719 | Lair:5   | Noticed Zuruic's ghost (journeyman OgIE)
 17940 | Lair:4   | Reached skill level 1 in Necromancy
 18013 | Lair:5   | Found a staircase to the Slime Pits.
 18520 | Lair:5   | Noticed Nessos
 18524 | Lair:5   | Noticed Nessos
 18524 | Lair:5   | Nessos changed into Nessos the death drake
 18844 | Lair:3   | Found a staircase to the Swamp.
 18897 | Lair:3   | Learned a level 3 spell: Vampiric Draining
 19997 | D:11     | Found a transporter.
 19997 | D:11     | Found a transporter.
 19999 | D:11     | Noticed Locuples's ghost (journeyman MiFi)
 20055 | D:11     | Reached skill level 13 in Short Blades
 20963 | D:12     | Found a staircase to the Orcish Mines.
 21549 | D:12     | Reached XP level 14. HP: 72/74 MP: 25/25
 21657 | D:12     | Reached skill level 5 in Necromancy
 21664 | D:12     | Learned a level 4 spell: Dispel Undead
 21845 | Orc:1    | Entered Level 1 of the Orcish Mines
 21958 | Orc:1    | Found Qetzeim's Antique Weapon Emporium.
 21962 | Orc:1    | Paralysed by an orc sorcerer for 3 turns
 22123 | Orc:2    | Entered Level 2 of the Orcish Mines
 22123 | Orc:2    | Reached ****** piety under Hepliaklqana
 22184 | Orc:1    | Noticed Erolcha
 22192 | Orc:1    | Killed Erolcha
 22296 | Orc:2    | Found a staircase to the Elven Halls.
 23162 | Orc:2    | Noticed an orc warlord
 23171 | Orc:2    | Killed an orc warlord
 23554 | Orc:2    | Found Soujy's Jewellery Emporium.
 23564 | Orc:2    | Found Tosodugu's General Store.
 23594 | Orc:2    | Bought a potion of curing for 54 gold pieces
 23594 | Orc:2    | Bought a potion of curing for 54 gold pieces
 23607 | Orc:2    | Found Citi's Antique Weapon Emporium.
 23623 | Orc:2    | Found Nucs's Antique Armour Emporium.
 23631 | Orc:2    | Bought a pair of encrusted gloves for 218 gold pieces
 23631 | Orc:2    | Identified the +0 pair of gloves of Nemelex Xobeh {rElec
                  | rC+ Dex+2} (You bought it in a shop on level 2 of the
                  | Orcish Mines)
 23889 | D:13     | Found a bloodstained altar of Trog.
 24128 | D:13     | Noticed Frances
 24145 | D:13     | Killed Frances
 24398 | D:13     | Found a gate to the Vaults.
 24398 | D:13     | Noticed an ironbound preserver
 24405 | D:13     | Reached skill level 10 in Dodging
 24409 | D:13     | Killed an ironbound preserver
 25087 | D:14     | Found a basalt altar of Yredelemnul.
 25089 | Abyss:2  | Cast into level 2 of the Abyss (a wizard)
 25091 | Abyss:2  | Found a corrupted altar of Lugonu.
 25114 | Abyss:2  | Found a shimmering blue altar of Sif Muna.
 25114 | Abyss:2  | Found a shimmering blue altar of Sif Muna.
 25114 | Abyss:2  | Found a shimmering blue altar of Sif Muna.
 25121 | Abyss:2  | Noticed a starcursed mass
 25155 | Abyss:2  | Noticed a red very ugly thing
 25223 | Abyss:2  | Noticed a tentacled starspawn
 25245 | Abyss:2  | Killed a tentacled starspawn
 25246 | Abyss:2  | Reached skill level 14 in Short Blades
 25305 | Abyss:3  | Found a corrupted altar of Lugonu.
 25389 | Abyss:3  | Found a corrupted altar of Lugonu.
 25401 | Abyss:3  | Noticed a tentacled monstrosity
 25405 | Abyss:3  | Noticed a starcursed mass
 25636 | Abyss:4  | Found a corrupted altar of Lugonu.
 25642 | Abyss:5  | Noticed a green draconian monk
 25675 | Abyss:5  | Noticed a starcursed mass
 25682 | Abyss:5  | Noticed a profane servitor
 25684 | Abyss:5  | Noticed a purple draconian shifter
 25686 | Abyss:5  | Slain by a profane servitor

Illustrated notes

Levels and vault maps discovered:
D:1:      dpeg_arrival_pits, layout_basic, dreamdust_ecumenical_altar_grove,
          st_stairs_9, hex_tiny, minmay_tetromino_i4
D:2:      layout_basic, basic_altar, uniq_natasha, uniq_sigmund, uniq_robin
D:3:      layout_loops_ring
D:4:      layout_cave_pools, lemuel_coloured_pillars_altar,
          okawaru_ov_weapons_minmay, uniq_blork_the_orc
D:5:      layout_layer_cave, serial_shops, nicolae_diamond_shop,
          minmay_fractal_squares_diagonal_5
D:6:      layout_cave_pools, mainiacjoe_overflow_chevrons, minitemple,
          serial_shops, shop, nicolae_benzene_ring, lemuel_flamethrower_2,
          uniq_pikel
D:7:      layout_basic, minmay_temple_entry_offerings, serial_shops, shop,
          minmay_quadrilaterals
D:8:      layout_loops_cross, mainiacjoe_overflow_boulevard, serial_bayou,
          serial_bayou_shore_b, serial_bayou_lagoon_b, serial_bayou_pond_e,
          serial_bayou_pond_b, uniq_maurice
D:9:      layout_cave_pools, lair_entry_dummy, uniq_harold
D:10:     layout_irregular_city
D:11:     layout_stronghold, gammafunk_ghost_hive, small_statue_alley_a,
          nicolae_gozag_seed_capital
D:12:     layout_irregular_city, david_orc_1_choice
D:13:     layout_stronghold, skrybe_vaults_entry_preservation,
          trog_three_pillars_becter, uniq_frances
D:14:     minmay_statue_hallways, layout_loops_ring, cheibriados_altar_1,
          hangedman_abyss_or_decor_lesser_grid, nicolae_wwwww,
          hangedman_feature_mirror, uniq_josephine
Temple:   eino_temple_rhombus
Lair:1:   layout_chaotic_city, st_stairs_4, serial_bayou_lagoon_a,
          beast_lair_carwin_6, infiniplex_staircase_pool, grunt_megastairs_4
Lair:2:   layout_chaotic_city, spider_nest_entry_rubble, gauntlet_entry_generic
Lair:3:   layout_cellular_growth, minmay_swamp_entry_reptiles, uniq_gastronok,
          uniq_snorg
Lair:4:   wander_river, layout_concentric_octagons, enter_volcano_1,
          minmay_lair_drake_nest, infiniplex_staircase_pool_2,
          serial_bayou_shore_b, serial_bayou_shore_a, lemuel_fruit_tree
Lair:5:   hellmonk_lair_end_abyssal_woods, layout_long_grid,
          minmay_slime_entry_pillars, gammafunk_ghost_split, uniq_urug,
          uniq_nessos
Orc:1:    layout_diamond_mine, serial_shops, shop, uniq_erolcha
Orc:2:    grunt_orc_cross, layout_diamond_mine, lightli_orcish_oven
Abyss:5:  base: D:12, due_evilmike_abyss_rune_seething_liches,
          evilmike_abyss_exit_6, evilmike_abyss_exit_mutagenic,
          hangedman_decor_lopped, evilmike_abyss_rune_tso_outpost

Skill      XL: |  1  2  3  4  5  6  7  8  9 10 11 12 13 14 |
---------------+-------------------------------------------+-----
Fighting       | 1 2 3 4 5 6 7 8 |  8.7
Spellcasting   | 2 3 5 6 8 |  8.8
Hexes          | 5 6 8 9 10 11 12 13 | 13.0
Short Blades   | 1 2 3 4 6 7 8 10 11 13 14 | 14.0
Shields        | 1 2 3 4 5 6 |  6.6
Dodging        | 3 4 5 6 8 10 | 10.4
Stealth        | 4 7 10 12 13 | 13.0
Fire Magic     | 2 |  2.0
Necromancy     | 4 8 |  8.8
Ranged Weapons | |  2.6

Action                   |  1- 3 |  4- 6 |  7- 9 | 10-12 | 13-15 || total
-------------------------+-------+-------+-------+-------+-------++-------
Melee: Short sword       |       |    48 |    87 |   609 |   531 ||  1275
       Dagger            |       |       |   470 |    42 |       ||   512
       Rapier            |       |       |       |       |   120 ||   120
 Fire: Sling             |   100 |   137 |   178 |     5 |       ||   420
Throw: Dart              |       |       |     2 |       |       ||     2
       Throwing net      |       |       |       |       |     1 ||     1
 Cast: Slow              |    18 |    39 |    98 |   113 |    50 ||   318
       Cause Fear        |       |       |     1 |       |       ||     1
       Inner Flame       |       |       |     4 |     9 |     1 ||    14
       Poisonous Vapours |       |       |     7 |     2 |     1 ||    10
       Ensorcelled Hiber |       |       |       |    22 |    15 ||    37
       Anguish           |       |       |       |    19 |    55 ||    74
       Vampiric Draining |       |       |       |       |     2 ||     2
Invok: Recall Ancestor   |       |       |       |     1 |     6 ||     7
       Ancestor Life: He |       |       |       |     1 |       ||     1
Evoke: Wand              |       |     3 |    54 |    30 |    12 ||    99
       Lightning rod     |       |       |       |     4 |     9 ||    13
  Use: Scroll            |     3 |     4 |    14 |    13 |    21 ||    55
       Potion            |       |       |     6 |     3 |    15 ||    24
 Stab: Paralysed         |       |       |    12 |     1 |       ||    13
       Sleeping          |       |       |     3 |    24 |    20 ||    47
       Distracted        |       |       |     1 |    11 |    18 ||    30
       Invisible         |       |       |       |    24 |       ||    24
       Held in net/web   |       |       |       |     2 |     3 ||     5
       Confused          |       |       |       |     2 |    22 ||    24
Armor: Robe              |    12 |    17 |    84 |       |       ||   113
       Ring mail         |       |       |       |    29 |    60 ||    89
       Steam dragon scal |       |       |       |    66 |       ||    66
       Acid dragon scale |       |       |       |       |    37 ||    37
Dodge: Dodged            |    21 |    40 |   243 |   204 |   190 ||   698
Block: Buckler           |       |    12 |   103 |   259 |   243 ||   617
       Reflection        |       |       |       |     9 |    17 ||    26

Table legend: (Time is in decaauts)
 A = Elapsed time spent in this place.
 B = Non-inter-level travel time spent in this place.
 C = Inter-level travel time spent in this place.
 D = Time resting spent in this place.
 E = Time spent auto-exploring this place.
 F = Levels seen in this place.
 G = Mean time per level.
                   A        B        C        D        E       F      G
               +--------+--------+--------+--------+--------+-----+--------+
         Total |  25194 |  24171 |   1023 |   5876 |   8361 |  28 |  899.8 |
       Dungeon |  15347 |  14671 |    676 |   3503 |   5650 |  14 | 1096.2 |
        Temple |    157 |    157 |      0 |      0 |    117 |   1 |  157.0 |
          Lair |   5589 |   5300 |    289 |   1097 |   2180 |   5 | 1117.8 |
  Orcish Mines |   1920 |   1863 |     57 |    446 |    414 |   2 |  960.0 |
         Abyss |    536 |    536 |      0 |     89 |      0 |   4 |  134.0 |
       Volcano |    666 |    666 |      0 |    263 |      0 |   1 |  666.0 |
      Gauntlet |    977 |    977 |      0 |    477 |      0 |   1 |  977.0 |
               +--------+--------+--------+--------+--------+-----+--------+

Top non-repeatable levels by time:
     D:6: 1861 daAuts
     D:5: 1806 daAuts
     D:4: 1645 daAuts
  Lair:4: 1631 daAuts
     D:8: 1553 daAuts
   Orc:2: 1481 daAuts
    D:12: 1311 daAuts
  Lair:1: 1210 daAuts
  Lair:3: 1191 daAuts
    D:13: 1176 daAuts
    D:11: 1100 daAuts
     D:3: 1000 daAuts
     D:7: 991 daAuts
Gauntlet: 977 daAuts
     D:1: 876 daAuts
